 Dungeon Crawl Stone Soup version 0.28.0-49-g6dfe1f597d (webtiles) character file.

Game seed: 16315221897070211649

2742 fictitious the Spear-Bearer (level 9, -3/75 HPs)
             Began as a Minotaur Fighter on May 19, 2022.
             Was a Believer of Fedhas.
             Killed from afar by a wretched star (24 damage)
             ... with a lance of force
             ... on level 1 of the Abyss.
             The game lasted 00:27:52 (9085 turns).

fictitious the Spear-Bearer (Minotaur Fighter)      Turns: 9085, Time: 00:27:53

Health: -3/75      AC:  9    Str: 24 (25) XL:     9   Next: 41%
Magic:  11/11      EV: 12    Int:  3 (5)  God:    Fedhas [**....]
Gold:   78         SH:  5    Dex: 11 (12) Spells: 8/8 levels left

rFire   . . .      SeeInvis +   a - +0 trident
rCold   . . .      Faith    +   t - +0 buckler
rNeg    . . .      Spirit   .   u - +1 ring mail "Godghuxu" {Str+2 SInv}
rPois   .          Reflect  .   (helmet restricted)
rElec   .          Harm     .   C - +0 cloak
rCorr   .          Rampage  .   (no gloves)
Will    .....                   W - +0 pair of boots
Stlth   +.........              j - amulet of faith
HPRegen 0.22/turn               (no ring)
MPRegen 0.12/turn               (no ring)

@: about to teleport, studying Air Magic
A: horns 2, retaliatory headbutt
a: Renounce Religion, Wall of Briars


You were on level 1 of the Abyss.
You worshipped Fedhas.
Fedhas was pleased with you.
You visited 2 branches of the dungeon, and saw 9 of its levels.
You visited the Abyss 1 time.

You collected 305 gold pieces.
You spent 227 gold pieces at shops.

Inventory:

Hand Weapons
 a - a +0 trident (weapon)
 k - a +0 halberd
Missiles
 e - 113 arrows
 f - 6 boomerangs
 i - 45 bolts
 l - 5 poisoned darts (quivered)
 B - 5 javelins
Armour
 b - a +0 chain mail
 r - a +0 scale mail
 t - a +0 buckler (worn)
 u - the +1 ring mail "Godghuxu" (worn) {Str+2 SInv}
   (You found it on level 2 of the Dungeon)

   Str:       It affects your strength (+2).
   SInv:      It lets you see invisible.
 C - a +0 cloak (worn)
 W - a +0 pair of boots (worn)
Jewellery
 j - an amulet of faith (around neck)
Wands
 H - a wand of paralysis (12)
Scrolls
 d - a scroll of enchant weapon {unknown}
 h - a scroll of teleportation
 n - a scroll of vulnerability {unknown}
 o - 4 scrolls of fog
 p - a scroll of immolation {unknown}
 q - a scroll of magic mapping {unknown}
 v - a scroll of blinking {unknown}
 y - a scroll of silence {unknown}
 A - a scroll of amnesia {unknown}
Potions
 c - a potion of degeneration
 g - a potion of ambrosia {unknown}
 s - 3 potions of attraction
 w - a potion of invisibility {unknown}
 x - a potion of flight {unknown}
 z - a potion of magic {unknown}
 D - a potion of heal wounds {unknown}


   Skills:
 + Level 6.2 Fighting
 * Level 11.3 Polearms
 + Level 6.3 Armour
 + Level 4.4 Dodging
 - Level 5.0 Shields
 + Level 4.0 Invocations


You had 8 spell levels left.
You didn't know any spells.
Your spell library contained the following spells:

 Spells                   Type           Power      Damage    Failure   Level
 Apportation              Tloc           0%         N/A       75%         1
 Foxfire                  Conj/Fire      0%         2x1d4     75%         1
 Sandblast                Erth           0%         2d4       75%         1
 Ensorcelled Hibernation  Hex/Ice        0%         N/A       87%         2
 Passwall                 Tmut/Erth      0%         N/A       87%         2
 Conjure Flame            Conj/Fire      0%         6-21      98%         3
 Ignite Poison            Fire/Tmut/Pois 0%         N/A       98%         3
 Inner Flame              Hex/Fire       0%         N/A       98%         3
 Mephitic Cloud           Conj/Pois/Air  0%         N/A       98%         3
 Stone Arrow              Conj/Erth      0%         3d7       98%         3
 Swiftness                Air            0%         N/A       98%         3
 Cause Fear               Hex            0%         N/A       100%        4
 Flame Wave               Conj/Fire      0%         2d4       100%        4
 Olgreb's Toxic Radiance  Pois           0%         N/A       100%        4
 Alistair's Intoxication  Tmut/Pois      0%         N/A       100%        5
 Freezing Cloud           Conj/Ice/Air   0%         6-21      100%        5
 Dragon Form              Tmut           0%         N/A       100%        7
 Ozocubu's Refrigeration  Ice            0%         4d5       100%        7
 Ignition                 Fire           0%         3d3       100%        8
 Dragon's Call            Summ           0%         N/A       100%        9


Dungeon Overview and Level Annotations

Branches:
Dungeon (8/15)             Temple (1/1) D:4
   Lair: D:8-11

Altars:
Ashenzari
Cheibriados
Dithmenos
Elyvilon
Fedhas
Gozag
Hepliaklqana
Kikubaaqudgha
Makhleb
Nemelex Xobeh
Okawaru
Qazlal
Ru
Sif Muna
Trog
Uskayaw
Vehumet
Wu Jian
Xom
Yredelemnul
Zin
The Shining One

Shops:
D:3 *

Annotations:
D:5 1 runed translucent door, Crazy Yiuf


Innate Abilities, Weirdness & Mutations

You have a pair of horns on your head.
You reflexively headbutt those who attack you in melee.


Message History

You miss the quasit. Your headbutt misses the quasit. The quasit bites you.
* * * LOW HITPOINT WARNING * * *
You block the quasit's attack. The quasit closely misses you.
You puncture the neqoxec! Your headbutt misses the neqoxec.
The neqoxec is moderately wounded.
You block the quasit's attack. The quasit barely misses you.
The quasit claws you but does no damage.
The neqoxec hits you but does no damage.
You closely miss the neqoxec. You headbutt the neqoxec!
The neqoxec is heavily wounded.
The quasit bites you but does no damage.
The quasit claws you but does no damage. x2
The neqoxec completely misses you.
You hit the neqoxec.
The neqoxec is heavily wounded.
The quasit bites you but does no damage.
The quasit completely misses you. The quasit barely misses you.
You closely miss the neqoxec.
You headbutt the neqoxec, but do no damage.
The neqoxec is heavily wounded.
The quasit closely misses you. x2
You block the quasit's attack.
The neqoxec hits you but does no damage.
The wight barely misses you.
You puncture the neqoxec!
The neqoxec is almost dead.
The quasit bites you but does no damage.
The quasit closely misses you. The quasit barely misses you.
The wretched star glows turbulently.
The lance of force hits you!!
You die...
Fedhas appreciates your contribution to the ecosystem.

#.#.# # .. . #
#.#.. . ##
.#..#ยง##...
..# . #..#.#...
#...#. #.#....
# ... #.. # #
...#.#
#..##.#.. #...
.#..####.##.#..
#..#
#*..#...###..
#...#@z..#.## .
#35#....# .
#...#.#.#
#.......#.##
..#...###...#
#.... ....#
#.... .. ..
..... ...#.. ##
... .###


You could see a wretched star, a neqoxec, a wight and a quasit.

Vanquished Creatures
  A fire bat (Abyss:1)
  Menkaure (D:7)
  A water moccasin (D:5)
  An orc warrior (D:5)
  A black bear (D:4)
  An ice beast (D:5)
  A sky beast (D:6)
  3 necrophages
  3 ogres
  2 centaurs (D:6)
  2 phantoms
  Blork the orc (D:5)
  A bullfrog (D:4)
  3 scorpions (D:5)
  A gnoll sergeant (D:7)
  A water moccasin skeleton (D:5)
  4 bullfrog zombies
  2 orc priests
  A centaur skeleton (D:5)
  3 hounds
  A bullfrog skeleton (D:4)
  3 gnoll shamans
  6 iguanas
  An orc wizard (D:6)
  Robin (D:2)
  17 gnolls
  3 adders
  An ufetubus (D:6)
  An adder skeleton (D:5)
  2 worms
  3 dart slugs
  11 orcs
  8 ball pythons
  7 endoplasms
  2 giant cockroaches
  13 goblins
  15 hobgoblins
  4 jackals (D:3)
  2 quokkas (D:2)
  4 bats
  5 frilled lizards
  6 kobolds
  A quokka skeleton (D:4)
  5 rats
156 creatures vanquished.

Vanquished Creatures (collateral kills)
  2 fire bats (Abyss:1)
2 creatures vanquished.

Grand Total: 158 creatures vanquished

Notes
Turn   | Place    | Note
-------+----------+-------------------------------------------
     0 | D:1      | fictitious the Minotaur Fighter began the quest for the
                  | Orb.
     0 | D:1      | Reached XP level 1. HP: 19/19 MP: 0/0
    57 | D:1      | Reached skill level 3 in Polearms
    57 | D:1      | Reached XP level 2. HP: 22/26 MP: 1/1
   231 | D:1      | Reached skill level 4 in Polearms
   376 | D:1      | Found a faded altar of an unknown god.
   382 | D:1      | Reached XP level 3. HP: 29/31 MP: 2/2
   970 | D:2      | Identified the +1 ring mail "Godghuxu" {Str+2 SInv}
  1427 | D:2      | Reached skill level 5 in Polearms
  1617 | D:2      | Noticed Robin
  1749 | D:2      | Reached XP level 4. HP: 39/39 MP: 3/3
  1770 | D:2      | Killed Robin
  2251 | D:3      | Reached skill level 6 in Polearms
  2439 | D:3      | Reached XP level 5. HP: 45/45 MP: 4/4
  2492 | D:3      | Found Ragamonn's Assorted Antiques.
  2500 | D:3      | Bought a scroll labelled PAEHOETOCA for 19 gold pieces
  2500 | D:3      | Bought a scroll labelled TOUTEIGIEBB for 19 gold pieces
  2979 | D:3      | Bought a scroll labelled YTROSEABOM for 19 gold pieces
  3361 | D:4      | Reached skill level 7 in Polearms
  3590 | D:4      | Reached XP level 6. HP: 51/51 MP: 5/5
  3611 | D:4      | Found a staircase to the Ecumenical Temple.
  3652 | Temple   | Entered the Ecumenical Temple
  3825 | Temple   | Became a worshipper of Fedhas Madash
  3970 | D:4      | Reached skill level 8 in Polearms
  4516 | D:5      | Entered Level 5 of the Dungeon
  4525 | D:5      | Noticed a water moccasin
  4539 | D:5      | Killed a water moccasin
  4540 | D:5      | Reached XP level 7. HP: 37/58 MP: 6/6
  4683 | D:5      | Noticed Blork the orc
  4695 | D:4      | Reached skill level 9 in Polearms
  4695 | D:4      | Reached skill level 1 in Dodging
  4695 | D:4      | Reached skill level 1 in Invocations
  5124 | D:3      | Bought a cloak for 85 gold pieces
  5339 | D:5      | Found a runed translucent door.
  5340 | D:5      | Noticed Crazy Yiuf
  5390 | D:4      | Reached XP level 8. HP: 36/67 MP: 8/8
  5632 | D:5      | Killed Blork the orc
  5791 | D:4      | Reached * piety under Fedhas
  5830 | D:5      | Reached skill level 5 in Armour
  5830 | D:5      | Reached skill level 5 in Shields
  6044 | D:5      | Reached skill level 5 in Fighting
  6044 | D:5      | Reached skill level 10 in Polearms
  6927 | D:6      | Found a hazy altar of Hepliaklqana.
  7158 | D:6      | Reached XP level 9. HP: 74/74 MP: 10/10
  7875 | D:6      | Reached skill level 11 in Polearms
  7928 | D:7      | Reached ** piety under Fedhas
  8035 | D:3      | Bought a pair of boots for 85 gold pieces
  8695 | D:7      | Noticed Menkaure
  8706 | D:7      | Killed Menkaure
  8953 | D:7      | Cast into level 1 of the Abyss (gnoll sergeant)
  9075 | Abyss:1  | Noticed a wretched star
  9085 | Abyss:1  | Killed from afar by a wretched star

Illustrated notes

Levels and vault maps discovered:
D:1:      evilmike_arrival_hilbert_curve, layout_loops_cross,
          dreamdust_ecumenical_altar_grove, kennysheep_flooded_box,
          hangedman_decor_diamond_cutter, hangedman_decor_lopped
D:2:      layout_loops_corners, uniq_robin
D:3:      layout_loops_ring, serial_shops, shop, hangedman_decor_slide_cut
D:4:      layout_rooms, minmay_temple_entry_mist
D:5:      layout_basic, minmay_manual_mail, uniq_blork_the_orc,
          uniq_crazy_yiuf_cottage
D:6:      layout_basic, worldfamousw_hep_ancestral_shrine, grunt_ministairs_14,
          minmay_holes
D:7:      layout_loops_ring, uniq_menkaure
D:8:      minmay_the_grid_triangle_9x9_rhombus_thin
          [minmay_the_grid_triangle_9x9_dagger,
          minmay_the_grid_triangle_9x9_prize_top_heavy,
          minmay_the_grid_triangle_9x9_stretched_checkered,
          minmay_the_grid_triangle_9x9_corruption], layout_rooms,
          chequers_jeans, uniq_maurice, uniq_harold
Temple:   mainiacjoe_temple_starburst
Abyss:1:  base:
D:4

Skill      XL: |  1  2  3  4  5  6  7  8  9 |
---------------+----------------------------+-----
Polearms       | 3 4 5 6 7 8 9 10 11 | 11.3
Fighting       | 4 5 6 |  6.2
Armour         | 4 5 6 |  6.3
Dodging        | 2 3 4 |  4.4
Shields        | 4 5 |  5.0
Invocations    | 1 3 4 |  4.0

Action                   |  1- 3 |  4- 6 |  7- 9 || total
-------------------------+-------+-------+-------++-------
Melee: Trident           |   101 |   167 |   251 ||   519
       Headbutt          |    12 |    24 |    52 ||    88
Throw: Dart              |       |       |    22 ||    22
Invok: Wall of Briars    |       |       |     2 ||     2
  Use: Scroll            |       |     3 |     5 ||     8
       Potion            |       |       |     7 ||     7
 Stab: Fleeing           |       |       |     1 ||     1
Armor: Scale mail        |    17 |       |       ||    17
       Ring mail         |     4 |    24 |    70 ||    98
Dodge: Dodged            |    27 |    38 |   114 ||   179
Block: Buckler           |    15 |    25 |    31 ||    71
